 Dungeon Crawl Stone Soup version 0.31.0-9-g3a7656b989 (webtiles) character file.

Game seed: 8423537688791840828

268 Curundu the Chopper (level 6, -2/56 HPs)
             Began as a Minotaur Berserker on Jan 24, 2024.
             Was a Believer of Trog.
             Succumbed to a kobold's poison
             ... in a sewer on Jan 25, 2024.
             The game lasted 00:07:38 (3329 turns).

Curundu the Chopper (Minotaur Berserker)            Turns: 3329, Time: 00:07:39

Health: -2/56      AC:  2    Str: 24    XL:     6   Next: 1%
Magic:  5/5        EV: 12    Int:  4    God:    Trog [**....]
Gold:   146        SH:  0    Dex:  9    Spells: 5/5 levels left

rFire   . . .        a - +0 hand axe
rCold   . . .        (no shield)
rNeg    . . .        b - +0 animal skin
rPois   .            (helmet restricted)
rElec   .            (no cloak)
rCorr   .            (no gloves)
SInv    .            (no boots)
Will    .....        (no amulet)
Stlth   +            (no ring)
HPRegen 0.29/turn    (no ring)
MPRegen 0.09/turn

%: no passive effects
@: lethally poisoned (-2 -> -13)
A: horns 2, retaliatory headbutt
a: Renounce Religion, Berserk, Trog's Hand


You were in a sewer.
You worshipped Trog.
Trog was pleased with you.
You visited 1 branch of the dungeon, and saw 4 of its levels.
You also visited: Sewer.

You collected 146 gold pieces.

Inventory:

Hand Weapons
 a - a +0 hand axe (weapon)
Armour
 b - a +0 animal skin (worn)
Scrolls
 d - a scroll of fear {unknown}
 g - a scroll of enchant armour {unknown}
 i - 2 scrolls of identify
 l - a scroll of teleportation
 n - a scroll of blinking {unknown}
 q - a scroll of enchant weapon {unknown}
Potions
 c - a potion of resistance
 f - a potion of curing {unknown}
 h - a potion of degeneration {unknown}
 j - a potion of enlightenment {unknown}
 k - a potion of lignification {unknown}
 m - a potion of heal wounds {unknown}
 o - a potion of haste {unknown}
 p - 2 potions of might {unknown}


   Skills:
 + Level 5.2 Fighting
 + Level 5.8 Axes
 + Level 2.6 Armour
 + Level 3.9 Dodging
 + Level 0.7 Stealth


You had 5 spell levels left.
You didn't know any spells.
Your spell library was empty.

Dungeon Overview and Level Annotations

Branches:
Dungeon (4/15)              Sewer (1/1)
 Temple: D:4-7

Altars:
Ashenzari


Innate Abilities, Weirdness & Mutations

You have a pair of horns on your head.
You reflexively headbutt those who attack you in melee.


Message History

You kill the rat!
Trog accepts your kill. The ball python bites you.
The ball python barely misses you.
The kobold brigand throws a curare-tipped dart.
The curare-tipped dart hits you.
You are poisoned.
You have difficulty breathing.
You feel yourself slow down.
You closely miss the ball python. You headbutt the ball python.
You kill the ball python!
Trog accepts your kill.
You feel very sick.
You feel very sick.
A kobold comes into view.
It is wielding a +0 club and quivering poisoned darts.
The kobold throws a poisoned dart.
The poisoned dart misses you.
You feel very sick.
The kobold brigand throws a curare-tipped dart.
The curare-tipped dart hits you.
You are more poisoned.
You have difficulty breathing.
You feel as though you will be slow longer.
You enter the shallow water.
Moving in this stuff is going to be slow.
You feel very sick.
The kobold throws a poisoned dart.
The poisoned dart hits you!
You are lethally poisoned!
The kobold brigand splashes around in the water.
* * * LOW HITPOINT WARNING * * *
You feel extremely sick.
The kobold brigand hits you with a +0 short sword.
* * * LOW HITPOINT WARNING * * *
The kobold brigand hits you with a +0 short sword.
* * * LOW HITPOINT WARNING * * *
The kobold brigand splashes around in the water.
Unknown command.
Unknown command.
It was a potion of cancellation.
Your magical effects are unravelling.
You feel magically purged.
You feel yourself speed up.
You die...

#.~PP##
#...PP#
#~~~PP# .
#~#.~..~
~.#~#.~..#
...~...~.#
#....K.##
#.~K@~.#
##..~..#
##########P†.#
#~~~~~~~~~P..#
##########...#
###.........#
##.....∩∩....#
#..#~#....≈≈##
#P~#~#.≈≈≈≈≈#


You could see a kobold brigand and a kobold.

Vanquished Creatures
  Blork the orc (D:4)
  A hound (D:4)
  An orc wizard (D:3)
  5 adders
  A river rat (D:4)
  4 ribbon worms
  A dart slug (D:3)
  3 orcs (D:3)
  5 ball pythons
  10 endoplasms
  6 giant cockroaches
  11 goblins
  2 hobgoblins
  3 jackals (D:4)
  5 kobolds
  2 quokkas (D:4)
  4 bats
  2 frilled lizards
  5 rats
72 creatures vanquished.

Notes
Turn   | Place    | Note
-------+----------+-------------------------------------------
     0 | D:1      | Curundu the Minotaur Berserker began the quest for the Orb.
     0 | D:1      | Reached XP level 1. HP: 19/19 MP: 0/0
    53 | D:1      | Reached XP level 2. HP: 27/27 MP: 1/1
   457 | D:1      | Reached ** piety under Trog
   702 | D:2      | Reached XP level 3. HP: 33/33 MP: 2/2
  1506 | D:2      | Reached XP level 4. HP: 30/41 MP: 3/3
  2131 | D:3      | Reached skill level 5 in Axes
  2407 | D:3      | Found a faded altar of an unknown god.
  2413 | D:3      | Found a broken altar of Ashenzari.
  2994 | D:4      | Noticed Blork the orc
  2998 | D:4      | Reached XP level 5. HP: 46/47 MP: 4/4
  3003 | D:4      | Killed Blork the orc
  3004 | D:4      | Reached skill level 5 in Fighting
  3253 | D:4      | Found a glowing drain.
  3257 | Sewer    | Entered a sewer
  3276 | Sewer    | Reached XP level 6. HP: 47/56 MP: 5/5
  3328 | Sewer    | HP: 1/56 [kobold brigand/+0 short sword (6)]
  3329 | Sewer    | Succumbed to a kobold's poison

Illustrated notes

Levels and vault maps discovered:
D:1:      tarquinn_simple_flora_water_a, layout_basic
D:2:      layout_loops_ring
D:3:      layout_basic, nicolae_overflow_ecumenical_swirl
D:4:      layout_loops_cross, gup_sewer_entry_spiral, kennysheep_boxes,
          uniq_blork_the_orc, uniq_duvessa
Sewer:    sewer_co_scattered_pipes

Skill      XL: |  1  2  3  4  5 |
---------------+----------------+-----
Fighting       | 4 5 |  5.2
Axes           | 4 5 |  5.8
Dodging        | 3 |  3.9
Armour         | |  2.6
Stealth        | |  0.7

Action                     |  1- 3 |  4- 6 || total
---------------------------+-------+-------++-------
  Melee: Hand axe          |    65 |   110 ||   175
         Headbutt          |     6 |    18 ||    24
         Punch             |       |     1 ||     1
 Invoke: Trog's Hand       |       |     1 ||     1
         Berserk           |       |     1 ||     1
    Use: Scroll            |     1 |     2 ||     3
         Potion            |       |     1 ||     1
 Armour: Animal skin       |    46 |    66 ||   112
  Dodge: Dodged            |    54 |    72 ||   126
